 Dungeon Crawl Stone Soup version 0.26-a0-712-ga5a9c9c9d0 (webtiles) character file.

Game seed: 6846252488826407465

29 Azzok the Chopper (level 3, 29/29 HPs)
             Began as a Demonspawn Berserker on Nov 9, 2020.
             Was a Believer of Trog.
             Quit the game on level 1 of the Dungeon.
             The game lasted 00:00:57 (819 turns).

Azzok the Chopper (Demonspawn Berserker)             Turns: 819, Time: 00:00:58

Health: 29/29      AC:  7    Str: 18    XL:     3   Next: 1%
Magic:  3/3        EV: 11    Int:  8    God:    Trog [**....]
Gold:   46         SH:  0    Dex: 12    Spells: 2/2 levels left

rFire    . . .     SeeInvis .   a - +0 hand axe
rCold    . . .     Faith    .   (no shield)
rNeg     . . .     Spirit   .   f - +0 ring mail
rPois    .         Reflect  .   (helmet restricted)
rElec    .         Harm     .   (no cloak)
rCorr    .         Rampage  .   d - +1 pair of gloves {archery}
MR       .....                  (no boots)
Stlth    +.........             (no amulet)
HPRegen  0.09/turn              (no ring)
MPRegen  0.08/turn              (no ring)

@: no status effects
A: horns 1, spiny 1
a: Berserk, Trog's Hand, Renounce Religion


You were on level 1 of the Dungeon.
You worshipped Trog.
Trog was pleased with you.
You visited 1 branch of the dungeon, and saw 1 of its levels.

You collected 46 gold pieces.

Inventory:

Hand Weapons
 a - a +0 hand axe (weapon)
Armour
 d - a +1 pair of gloves of archery (worn)
 f - a +0 ring mail (worn)
Scrolls
 b - a scroll of remove curse {unknown}
 c - 3 scrolls of teleportation {unknown}
 e - a scroll of enchant weapon {unknown}
Potions
 g - a potion of flight {unknown}


   Skills:
 - Level 3.0 Fighting
 + Level 3.8 Axes
 - Level 1.7 Armour
 - Level 1.7 Dodging


You had 2 spell levels left.
You didn't know any spells.
Your spell library was empty.

Dungeon Overview and Level Annotations

Branches:
Dungeon (1/15)

Altars:


Innate Abilities, Weirdness & Mutations

You have a pair of small horns on your head.
You are partially covered in sharp spines.


Message History

2 bats come into view.
The bat completely misses you.
You closely miss the bat. The bat hits you but does no damage.
The bat barely misses you.
You closely miss the bat. The bat is struck by your spines.
You kill the bat!
Trog accepts your kill. The bat is struck by your spines.
The bat hits you but does no damage. The bat is struck by your spines.
You kill the bat!
Trog accepts your kill.
You can now call upon Trog for regeneration and magic resistance.
You have reached level 3!
Your experience leads to an increase in your attributes!
Increase (S)trength, (I)ntelligence, or (D)exterity?
You feel stronger.
You feel monstrous as your demonic heritage exerts itself.
Your demonic ancestry asserts itself...
A pair of horns grows on your head!
Are you sure you want to abandon this character and quit the game? (Confirm with "yes".)

·▒·······▒ ▒▒··▒ ·▒·)··▒▒▒▒
▒▒···▒ [▒····▒ ▒··▒·▒
·▒)▒)▒▒ ▒▒·▒▒·▒
·▒·▒··▒▒▒▒▒··▒▒·▒▒
·▒··········▒▒▒··▒
·▒·······▒▒▒▒ ▒▒·▒
·▒·······▒▒ ▒[▒▒
♣▒········▒ ▒@·▒▒
▒········▒ ▒▒··▒▒ ▒▒▒▒▒▒
▒········▒▒ ▒▒··▒ ▒······
▒▒▒▒▒▒▒▒··▒▒▒▒▒▒▒▒·▒▒·····▒
▒▒····▒▒·········▒
▒▒▒▒·······†··▒▒·▒
▒▒▒▒······[▒ ▒·······▒
▒·········


There were no monsters in sight!

Vanquished Creatures
  4 leopard geckos (D:1)
  4 hobgoblins (D:1)
  A ball python (D:1)
  3 bats (D:1)
  4 goblins (D:1)
  4 kobolds (D:1)
  4 rats (D:1)
24 creatures vanquished.

Notes
Turn   | Place    | Note
-------+----------+-------------------------------------------
     0 | D:1      | Azzok the Demonspawn Berserker began the quest for the Orb.
     0 | D:1      | Reached XP level 1. HP: 18/18 MP: 1/1
   341 | D:1      | Gained mutation: You are partially covered in sharp spines.
                  | [demonic ancestry]
   341 | D:1      | Reached XP level 2. HP: 23/24 MP: 2/2
   652 | D:1      | Reached ** piety under Trog
   813 | D:1      | Gained mutation: You have a pair of small horns on your
                  | head. [demonic ancestry]
   813 | D:1      | Reached XP level 3. HP: 29/29 MP: 3/3
   819 | D:1      | Quit the game

Illustrated notes

Levels and vault maps discovered:
D:1:      giann_forest_graveyard, layout_rooms, grunt_decor_one_mirror

Skill      XL: |  1 |
---------------+----+-----
Axes           | 3 |  3.8
Fighting       | |  3.0
Armour         | |  1.7
Dodging        | |  1.7

Action                   || total
-------------------------++-------
Melee: Hand axe          ||    42
Armor: Animal skin       ||     3
       Ring mail         ||     8
Dodge: Dodged            ||    23

Table legend: (Time is in decaauts)
 A = Elapsed time spent in this place.
 B = Non-inter-level travel time spent in this place.
 C = Inter-level travel time spent in this place.
 D = Time resting spent in this place.
 E = Time spent auto-exploring this place.
 F = Levels seen in this place.
 G = Mean time per level.
                   A        B        C        D        E       F      G
               +--------+--------+--------+--------+--------+-----+--------+
         Total |    824 |    824 |      0 |     47 |    572 |   1 |  824.0 |
       Dungeon |    824 |    824 |      0 |     47 |    572 |   1 |  824.0 |
               +--------+--------+--------+--------+--------+-----+--------+

Top non-repeatable levels by time:
     D:1: 824 daAuts
